 Dungeon Crawl Stone Soup version 0.28.0-53-g5a82cb258f (webtiles) character file.

Game seed: 2187739837282909793

1484 MiltankisOP the Fighter (level 8, -3/61 HPs)
             Began as an Octopode Monk on July 14, 2022.
             Slain by an orc
             ... wielding a +0 war axe
              (11 damage)
             ... on level 6 of the Dungeon.
             The game lasted 00:10:45 (7473 turns).

MiltankisOP the Fighter (Octopode Monk)             Turns: 7473, Time: 00:10:45

Health: -3/61      AC:  1    Str: 10    XL:     8   Next: 79%
Magic:  8/8        EV: 17    Int: 18    God:
Gold:   349        SH:  0    Dex: 17    Spells: 7/7 levels left

rFire   + . .      SeeInvis .     - Unarmed
rCold   . . .      Faith    .   (no shield)
rNeg    . . .      Spirit   .   (helmet restricted)
rPois   .          Reflect  .   (no amulet)
rElec   .          Harm     .   c - +6 ring of intelligence
rCorr   .          Rampage  .   x - ring of protection from fire
Will    .....                   (no ring)
Stlth   +++.......              (no ring)
HPRegen 0.20/turn               (no ring)
MPRegen 0.11/turn               (no ring)
                                (no ring)
                                (no ring)

@: no status effects
A: almost no armour, amphibious, 8 rings, camouflage 1, gelatinous body 1,
(nimble swimmer 1), tentacles
a: no special abilities


You were on level 6 of the Dungeon.
You visited 1 branch of the dungeon, and saw 6 of its levels.
You also visited: Sewer.

You collected 349 gold pieces.

Inventory:

Missiles
 p - a throwing net (quivered)
Magical Staves
 b - a staff of death
Jewellery
 c - a +6 ring of intelligence (left tentacle)
 o - a ring of magical power
 x - a ring of protection from fire (right tentacle)
Wands
 l - a wand of iceblast (6)
 r - a wand of flame (7)
 t - a wand of charming (3)
 v - a wand of digging (5)
Scrolls
 e - a scroll of teleportation {unknown}
 f - a scroll of holy word {unknown}
 g - a scroll of vulnerability {unknown}
 i - 2 scrolls of enchant armour
 m - 2 scrolls of immolation
 s - a scroll of blinking
 u - a scroll of silence {unknown}
 w - a scroll of torment {unknown}
Potions
 a - a potion of curing
 d - a potion of heal wounds
 h - a potion of invisibility
 j - 2 potions of cancellation
 k - 2 potions of flight
 q - 2 potions of haste


   Skills:
 + Level 8.1 Fighting
 + Level 8.1 Dodging
 - Level 2.7 Stealth
 - Level 3.0 Unarmed Combat


You had 7 spell levels left.
You didn't know any spells.
Your spell library contained the following spells:

 Spells                   Type           Power      Damage    Failure   Level
 Gell's Gravitas          Tloc           0%         N/A       54%         3
 Lesser Beckoning         Tloc           0%         N/A       54%         3
 Summon Guardian Golem    Hex/Summ       0%         N/A       54%         3
 Teleport Other           Tloc           0%         N/A       54%         3
 Orb of Destruction       Conj           0%         9d5       100%        7
 Spellforged Servitor     Conj/Summ      0%         N/A       100%        7


Dungeon Overview and Level Annotations

Branches:
Dungeon (6/15)              Sewer (visited)
 Temple: D:4-7

Altars:
Dithmenos
Elyvilon
Nemelex Xobeh
Okawaru
Qazlal
Ru
Trog
Vehumet
Zin
The Shining One

Shops:
D:4 :*[:[

Annotations:
D:4 1 runed translucent door, Edmund; angelusfrater's ghost, weakling DESu
D:6 Pikel


Innate Abilities, Weirdness & Mutations

You cannot wear most types of armour.
You are amphibious.
You can wear up to eight rings at the same time.
Your skin changes colour to match your surroundings (Stealth+).
Your rubbery body absorbs attacks. (AC +1, EV +1)
((You are camouflaged when in or above water. (Stealth+)))
You have tentacles for arms and can constrict up to eight enemies at once.


Message History

The orc misses you. The orc wizard completely misses you.
You tentacle-slap the orc priest.
You squeeze the orc priest, but do no damage.
The orc priest is severely wounded.
You constrict the orc priest.
You feel sick.
You are no longer poisoned.
The orc priest calls down the wrath of Beogh upon you.
Pain shoots through your body!
* * * LOW HITPOINT WARNING * * *
The orc hits you with a +0 war axe.
* * * LOW HITPOINT WARNING * * *
The orc wizard closely misses you.
You tentacle-slap the orc priest.
You kill the orc priest!
The orc misses you.
The orc wizard hits you with a +0 dagger.
* * * LOW HITPOINT WARNING * * *
You feel much better. The orc misses you. The orc wizard closely misses you.
The black bear growls angrily.
You tentacle-slap the orc wizard. You grab the orc wizard.
You squeeze the orc wizard.
The orc wizard is heavily wounded.
You constrict the orc wizard.
You hear a shout!
The orc closely misses you. The orc wizard casts a spell at you.
The puff of flame misses you.
The puff of flame hits the orc.
You tentacle-slap the orc wizard.
The orc wizard is severely wounded.
You constrict the orc wizard, but do no damage.
The orc hits you with a +0 war axe!
* * * LOW HITPOINT WARNING * * *
The orc wizard barely misses you.
You tentacle-slap the orc wizard.
You kill the orc wizard!
The orc hits you with a +0 war axe!
* * * LOW HITPOINT WARNING * * *
There is a stone staircase leading up here.
The orc hits you with a +0 war axe!
You die...

#...................#
#...................#
#..............######
###..............#
.............#####
####.#.h##### .. #..#
.. #.o# _ #.@# #....#
#..#.... #..####...
.... #. ..### .. ...


You could see a black bear and an orc.

Vanquished Creatures
  Menkaure (D:4)
  An orc warrior (D:5)
  A sky beast (D:5)
  A centaur (D:5)
  A phantom (D:5)
  2 bullfrogs (Sewer)
  A gnoll sergeant (D:5)
  3 scorpions (D:5)
  A water moccasin zombie (D:5)
  2 hounds
  2 orc priests
  A centaur skeleton (D:5)
  An iguana (D:5)
  4 orc wizards
  2 hound skeletons (D:4)
  2 howler monkey zombies (D:5)
  7 gnolls
  5 adders
  A river rat (D:5)
  An ufetubus (D:5)
  2 worms (D:5)
  A dart slug (D:4)
  12 orcs
  A bat (D:2)
  16 endoplasms
  11 giant cockroaches
  10 goblins
  11 hobgoblins
  3 jackals (D:3)
  6 kobolds
  8 quokkas
  10 ball pythons
  10 frilled lizards
  5 rats
146 creatures vanquished.

Vanquished Creatures (others)
  19 plants (D:6)
19 creatures vanquished.

Grand Total: 165 creatures vanquished

Notes
Turn   | Place    | Note
-------+----------+-------------------------------------------
     0 | D:1      | MiltankisOP the Octopode Monk began the quest for the Orb.
     0 | D:1      | Reached XP level 1. HP: 16/16 MP: 1/1
   354 | D:1      | Reached XP level 2. HP: 21/21 MP: 2/2
   914 | D:2      | Reached XP level 3. HP: 24/26 MP: 3/3
  1671 | D:3      | Found a sparkling altar of Nemelex Xobeh.
  1808 | D:3      | Found an iron altar of Okawaru.
  1810 | D:3      | Identified the +3 mace of Qoaffist {holy, Int+5 Dex-2}
  1903 | D:3      | Found a faded altar of an unknown god.
  2116 | D:3      | Reached XP level 4. HP: 33/33 MP: 4/4
  2499 | D:4      | Found Neanisch's Book Shop.
  2549 | D:4      | Reached XP level 5. HP: 30/38 MP: 5/5
  2640 | D:4      | Found a runed translucent door.
  2640 | D:4      | Noticed angelusfrater's ghost (weakling DESu)
  2677 | D:4      | Noticed a wyvern
  2827 | D:4      | Noticed Edmund
  2966 | D:4      | Found a bloodstained altar of Trog.
  3217 | D:4      | Noticed Menkaure
  3224 | D:4      | Killed Menkaure
  3225 | D:4      | Reached skill level 5 in Fighting
  3225 | D:4      | Reached skill level 5 in Dodging
  3225 | D:4      | Reached XP level 6. HP: 6/45 MP: 6/6
  3588 | D:4      | Found a glowing golden altar of the Shining One.
  3591 | D:4      | Found a white marble altar of Elyvilon.
  3592 | D:4      | Found a glowing silver altar of Zin.
  3682 | D:4      | Found Somog's Armour Emporium.
  3683 | D:4      | Found Siericel's Antique Armour Emporium.
  3683 | D:4      | Found Vetaalir's Assorted Antiques.
  3683 | D:4      | Found Umnenato's Book Emporium.
  3919 | D:5      | Entered Level 5 of the Dungeon
  3936 | D:5      | Noticed a sky beast
  4526 | D:5      | Reached XP level 7. HP: 40/51 MP: 7/7
  4604 | D:5      | Found a glowing drain.
  4608 | Sewer    | Entered a sewer
  5501 | D:5      | Found a sacrificial altar of Ru.
  5938 | D:5      | Reached XP level 8. HP: 46/60 MP: 8/8
  6752 | D:5      | Found a stormy altar of Qazlal.
  6834 | D:5      | Found a shadowy altar of Dithmenos.
  7373 | D:6      | Noticed Pikel
  7418 | D:6      | Found a radiant altar of Vehumet.
  7456 | D:6      | HP: 1/61 [orc wizard/+0 dagger (4)]
  7473 | D:6      | Slain by an orc

Illustrated notes

Levels and vault maps discovered:
D:1:      dpeg_arrival_rhombus, layout_basic
D:2:      layout_rooms
D:3:      layout_loops_cross, mainiacjoe_overflow_six_doors_small,
          okawaru_ov_weapons_minmay, hellmonk_ecumenical_altar_leap_of_faith
D:4:      layout_basic, good_gods_mini_temple, trog_hazing_becter,
          ebering_ghost_inner_flame, serial_shops, nicolae_inconvenience_store,
          minivault_5, minmay_shop_grid_forest, sigmund_edmund_badplayer,
          uniq_menkaure, uniq_edmund, uniq_blork_the_orc
D:5:      layout_loops_corners, old_standard_altar, grunt_dithmenos_smoke,
          nicolae_ru_awakened_eye, gup_sewer_entry_spiral
D:6:      layout_rooms, mainiacjoe_overflow_cross_hatched,
          minmay_temple_entry_overgrown, serial_bayou_lagoon_a,
          uniq_crazy_yiuf_cottage, uniq_pikel, uniq_maggie

Skill      XL: |  1  2  3  4  5  6  7  8 |
---------------+-------------------------+-----
Fighting       | 4 5 7 8 |  8.1
Dodging        | 4 5 7 8 |  8.1
Stealth        | |  2.7
Unarmed Combat | |  3.0

Action                   |  1- 3 |  4- 6 |  7- 9 || total
-------------------------+-------+-------+-------++-------
Melee: Unarmed           |    76 |   102 |   230 ||   408
       Constrict         |    18 |    28 |    47 ||    93
       Tentacles         |    13 |    26 |    76 ||   115
       Punch             |     3 |     2 |    14 ||    19
  Use: Scroll            |       |     2 |     6 ||     8
       Potion            |       |       |     4 ||     4
 Stab: Sleeping          |     9 |     4 |    15 ||    28
       Distracted        |       |     1 |       ||     1
Armor: Skin              |     2 |     8 |    24 ||    34
Dodge: Dodged            |    35 |    53 |   178 ||   266
